 Dungeon Crawl Stone Soup version 0.30-a0-630-g881e3bac89 (webtiles) character file.

Game seed: 12859060130673457904

35889 Citaku the Tortoise (level 13, -20/119 HPs)
             Began as a Minotaur Fighter on Jan 13, 2023.
             Was an Initiate of Gozag.
             Demolished by an orc knight
             ... wielding a +0 glaive
              (30 damage)
             ... on level 2 of the Orcish Mines.
             The game lasted 00:29:02 (16077 turns).

Citaku the Tortoise (Minotaur Fighter)             Turns: 16077, Time: 00:29:03

Health: -20/119    AC: 19    Str: 29    XL:     13   Next: 50%
Magic:  12/12      EV:  9    Int:  5    God:    Gozag
Gold:   2339       SH:  6    Dex: 17    Spells: 12/12 levels left

rFire   + . .      SeeInvis +    B - +9 war axe of the Orb {elec, Dex+5 Stlth+}
rCold   . . .      Faith    .    p - +0 buckler {rN+}
rNeg    + . .      Spirit   .    m - +5 chain mail of Vlad {-Cast Str+5}
rPois   .          Reflect  .    (helmet restricted)
rElec   .          Harm     .    (no cloak)
rCorr   .          Rampage  .    (no gloves)
Will    .....      NoCast   +    (no boots) Stlth
                                 (no amulet)
HPRegen 0.39/turn                i - ring of see invisible
MPRegen 0.13/turn                b - ring of protection from fire

@: no status effects
A: horns 2, retaliatory headbutt
a: Renounce Religion, Potion Petition, Call Merchant, Bribe Branch


You were on level 2 of the Orcish Mines.
You worshipped Gozag.
Gozag was most pleased with you.
You visited 3 branches of the dungeon, and saw 15 of its levels.

You collected 2856 gold pieces.
You spent 408 gold pieces at shops.
You paid 109 gold pieces to Gozag.

Inventory:

Hand Weapons
 B - the +9 war axe of the Orb (weapon) {elec, Dex+5 Stlth+}
   (You bought it in a shop on level 6 of the Dungeon)

   Dex:       It affects your dexterity (+5).
   Stlth:     It makes you more stealthy.
Armour
 m - the +5 chain mail of Vlad (worn) {-Cast Str+5}
   (You found it on level 2 of the Dungeon)

   Str:       It affects your strength (+5).
   -Cast:     It prevents spellcasting.
 p - a +0 buckler of positive energy (worn)
Jewellery
 b - a ring of protection from fire (right hand)
 i - a ring of see invisible (left hand)
Wands
 t - a wand of polymorph (23)
 u - a wand of quicksilver (11)
 y - a wand of paralysis (19)
Scrolls
 a - 2 scrolls of identify
 d - a scroll of enchant weapon
 n - a scroll of fog
 o - a scroll of teleportation
 q - a scroll of amnesia
Potions
 f - a potion of brilliance
 k - 2 potions of magic
 r - a potion of flight
 x - 3 potions of mutation
 z - 2 potions of lignification
 A - 2 potions of invisibility


   Skills:
 + Level 12.5 Fighting
 * Level 16.8 Axes
 * Level 17.0 Armour
 - Level 6.3 Shields


You had 12 spell levels left.
You didn't know any spells.
Your spell library contained the following spells:

 Spells                   Type           Power      Damage    Failure   Level
 Sting                    Tmut/Pois      0%         1d3       91%         1
 Summon Small Mammal      Summ           0%         N/A       91%         1
 Poisonous Vapours        Pois/Air       0%         N/A       97%         2
 Sublimation of Blood     Necr           0%         N/A       97%         2
 Call Canine Familiar     Summ           0%         N/A       99%         3
 Gell's Gravitas          Tloc           0%         N/A       99%         3
 Ignite Poison            Fire/Tmut/Pois 0%         N/A       99%         3
 Inner Flame              Hex/Fire       0%         N/A       99%         3
 Ozocubu's Armour         Ice            0%         N/A       99%         3
 Portal Projectile        Hex/Tloc       0%         N/A       99%         3
 Summon Guardian Golem    Hex/Summ       0%         N/A       99%         3
 Teleport Other           Tloc           0%         N/A       99%         3
 Tukima's Dance           Hex            0%         N/A       99%         3
 Cause Fear               Hex            0%         N/A       100%        4
 Olgreb's Toxic Radiance  Pois           0%         N/A       100%        4
 Petrify                  Tmut/Erth      0%         N/A       100%        4
 Sticky Flame             Conj/Fire      0%         2d3       100%        4
 Blade Hands              Tmut           0%         N/A       100%        5
 Irradiate                Conj/Tmut      0%         3d11      100%        5
 Metabolic Englaciation   Hex/Ice        0%         N/A       100%        5
 Dispersal                Tloc           0%         N/A       100%        6
 Ozocubu's Refrigeration  Ice            0%         4d7       100%        7
 Discord                  Hex            0%         N/A       100%        8
 Simulacrum               Ice/Necr       Unusable   N/A       N/A         6

Dungeon Overview and Level Annotations

Branches:
Dungeon (12/15)            Temple (1/1) D:7            Lair (0/5) D:8
    Orc (2/2) D:11            Elf (0/3) Orc:2

Altars:
Ashenzari
Cheibriados
Dithmenos
Elyvilon
Fedhas
Gozag
Hepliaklqana
Kikubaaqudgha
Makhleb
Nemelex Xobeh
Okawaru
Qazlal
Ru
Sif Muna
Trog
Uskayaw
Vehumet
Wu Jian
Xom
Yredelemnul
Zin
The Shining One

Shops:
D:6 (

Annotations:
D:3 3 runed translucent doors, Zigma's ghost, amateur OpMo
D:4 3 runed translucent doors, BlackLaughter's ghost, amateur GrFi
D:11 1 runed translucent door, exclusion: obsidian statue, Xuugerph's ghost, journeyman MfSu
Orc:1 6 transporters


Innate Abilities, Weirdness & Mutations

You have a pair of horns on your head.
You reflexively headbutt those who attack you in melee.


Message History

a +0 broad axe; a +0 arbalest An orc knight is nearby!
The orc knight shouts!
You hear a shout!
The orc knight unwields a +0 glaive.
The orc knight wields a +0 arbalest.
The orc knight shoots a bolt.
The bolt hits you!
The orc knight roars a battlecry!
The orc knight goes into a battle-frenzy!
The orc knight shoots a bolt.
The bolt hits you!
The orc knight unwields a +0 arbalest.
The orc knight wields a +0 glaive.
The orc knight hits you but does no damage.
You closely miss the orc knight. You slice the orc knight!!
Lightning courses through the orc knight!
The orc knight roars a battlecry!
The orc knight goes into a battle-frenzy!
The orc knight unwields a +0 arbalest.
The orc knight wields a +0 broad axe.
The orc knight hits you with a +0 broad axe!!
You barely miss the orc knight. You hit the orc knight.
The orc knight hits you with a +0 glaive!!
* * * LOW HITPOINT WARNING * * *
The orc knight roars a battlecry!
You hear a shout!
Okay, then.
Okay, then.
You feel better. You block the orc knight's attack.
An orc warrior comes into view. It is wielding a +0 arbalest.
The orc knight hits you with a +0 broad axe!
* * * LOW HITPOINT WARNING * * *
You miss the orc knight.
The orc knight is heavily wounded.
You slash the orc knight! The orc knight completely misses you.
You slash the orc knight!
The orc knight is almost dead.
You hit the orc knight. The orc knight barely misses you.
You slash the orc knight!
The orc knight is almost dead.
You slice the orc knight!!
Lightning courses through the orc knight!
The orc knight hits you with a +0 glaive!!
You die...
Your body crumbles into a pile of gold.

........,,,,,,,,.................
<.......$,........<..............
$...$...,#..#.........$..........
........,........................
........,#........##.....$.......
<.......,#.........##............
........,.o.....#.##.............
........,......#.o#.)............
........,......o@.....#..........
.......#,.#....#..#.###..........
.#.....,,.......#$####....##.#...
*,,,,,,,,..........# #...##*.#...
,,,,,,,,*.......#.## ##.##*,.>,..
,,,,,,,,,........## ### **,..,.
*,,,,,,,,.#.....#* *,,...
,,,,,,,,,*......* *,,,,,
*,*,***,**#.##.** **,,**


You could see 2 orc knights and an orc warrior (strong).

Vanquished Creatures
  Erolcha (D:9)
  4 two-headed ogres
  3 boulder beetles
  2 tengu warriors (D:10)
  Pikel (D:4)
  2 orc knights (Orc:2)
  A deep elf pyromancer (D:12)
  An orc sorcerer (Orc:2)
  2 cyclopes
  2 gargoyles
  Joseph (D:7)
  A kobold demonologist (D:8)
  A freezing wraith (D:10)
  5 trolls
  A hornet (D:9)
  2 shadows
  15 slime creatures
  7 yaks
  4 wyverns
  A wraith (D:11)
  2 steam dragons
  4 vampire mosquitoes
  5 wargs
  4 acid dragons
  Duvessa (D:7)
  30 orc warriors
  4 water moccasins
  A meliai simulacrum (D:10)
  2 sky beasts (D:7)
  An ice beast (D:5)
  2 ogres
  9 centaurs
  A phantom (D:5)
  2 kobold brigands
  2 necrophages (D:5)
  A gnoll sergeant (D:12)
  3 scorpions
  3 bullfrogs
  8 wights
  Dowan (D:7)
  A killer bee (D:10)
  3 howler monkeys
  3 jellies
  2 gnoll boudas
  9 orc priests
  6 hounds
  Ijyb (D:5)
  Natasha (D:2)
  5 iguanas
  20 orc wizards
  18 gnolls
  7 adders
  2 white imps
  2 ufetubi
  5 worms
  A dart slug (D:4)
  66 orcs
  11 endoplasms
  5 giant cockroaches
  3 goblins
  10 hobgoblins
  4 jackals (D:5)
  4 quokkas
  5 ball pythons
  7 bats
  4 frilled lizards
  11 kobolds
  7 rats
  A spectral orc (D:9)
  A butterfly (D:7)
368 creatures vanquished.

Vanquished Creatures (others)
  A black bear (D:5)
  An orc wizard (Orc:2)
  2 gnolls (D:5)
  A quokka (D:5)
5 creatures vanquished.

Grand Total: 373 creatures vanquished

Notes
Turn   | Place    | Note
-------+----------+-------------------------------------------
     0 | D:1      | Citaku the Minotaur Fighter began the quest for the Orb.
     0 | D:1      | Reached XP level 1. HP: 19/19 MP: 0/0
    73 | D:1      | Reached XP level 2. HP: 26/27 MP: 1/1
    75 | D:1      | Reached skill level 4 in Armour
   501 | D:2      | Reached XP level 3. HP: 25/33 MP: 2/2
   698 | D:2      | Identified the +5 chain mail of Vlad {-Cast Str+5}
   748 | D:2      | Reached XP level 4. HP: 40/40 MP: 3/3
   809 | D:2      | Noticed Natasha
   818 | D:2      | Killed Natasha
  1128 | D:3      | Reached skill level 5 in Armour
  1129 | D:3      | You fall into a shaft and drop 3 floors!
  1142 | D:5      | Entered Level 5 of the Dungeon
  1229 | D:4      | Found a radiant altar of Vehumet.
  1270 | D:4      | Noticed a scorpion
  1280 | D:4      | Killed a scorpion
  1281 | D:4      | Reached XP level 5. HP: 47/47 MP: 4/4
  1403 | D:4      | Reached skill level 5 in Axes
  1482 | D:4      | Noticed BlackLaughter's ghost (amateur GrFi)
  1483 | D:4      | Found a runed translucent gate.
  1483 | D:4      | Found a runed translucent gate.
  1484 | D:4      | Found a runed translucent gate.
  1503 | D:4      | Noticed a lemure
  1503 | D:4      | Noticed a lemure
  1504 | D:4      | Noticed Pikel
  1509 | D:4      | Killed Pikel
  1510 | D:4      | Reached skill level 5 in Fighting
  1510 | D:4      | Reached skill level 7 in Armour
  1510 | D:4      | Reached XP level 6. HP: 56/56 MP: 5/5
  1510 | D:4      | Reached XP level 7. HP: 61/61 MP: 6/6
  1667 | D:4      | Found a burning altar of Makhleb.
  2064 | D:3      | Found a stormy altar of Qazlal.
  2066 | D:3      | Noticed a water elemental
  2066 | D:3      | Noticed a fire elemental
  2066 | D:3      | Noticed an air elemental
  2187 | D:3      | Found a runed translucent gate.
  2187 | D:3      | Found a runed translucent gate.
  2188 | D:3      | Found a runed translucent gate.
  2190 | D:3      | Noticed Zigma's ghost (amateur OpMo)
  2444 | D:5      | Found a shimmering blue altar of Sif Muna.
  2526 | D:6      | Found Wisinny's Antique Weapon Shoppe.
  2785 | D:5      | Found a shimmering altar of Xom.
  2797 | D:5      | Reached skill level 8 in Armour
  2797 | D:5      | Reached XP level 8. HP: 41/70 MP: 7/7
  3078 | D:5      | Found a hide-covered altar of Uskayaw.
  3439 | D:5      | Noticed Ijyb
  3459 | D:5      | Killed Ijyb
  4219 | D:6      | Reached skill level 9 in Armour
  4418 | D:6      | Found a bloodstained altar of Trog.
  4488 | D:6      | Reached XP level 9. HP: 72/79 MP: 8/8
  4748 | D:6      | Reached skill level 10 in Armour
  4874 | D:6      | Found a sparkling altar of Nemelex Xobeh.
  5099 | D:7      | Noticed Duvessa
  5099 | D:7      | Noticed Dowan
  5099 | D:7      | Found a staircase to the Ecumenical Temple.
  5267 | D:7      | Killed Dowan
  5269 | D:7      | Killed Duvessa
  5270 | D:7      | Reached skill level 10 in Axes
  5383 | Temple   | Entered the Ecumenical Temple
  5427 | Temple   | Became a worshipper of Gozag Ym Sagoz the Greedy
  5772 | D:7      | Noticed Joseph
  5785 | D:7      | Killed Joseph
  5786 | D:7      | Reached skill level 11 in Armour
  6218 | D:6      | Bought an ancient war axe for 204 gold pieces
  6218 | D:6      | Identified the +9 war axe of the Orb {elec, Dex+5 Stlth+}
                  | (You bought it in a shop on level 6 of the Dungeon)
  7351 | D:8      | Found a staircase to the Lair.
  7436 | D:8      | Noticed a kobold demonologist
  7447 | D:8      | Noticed an ice devil
  7451 | D:8      | Killed a kobold demonologist
  7452 | D:8      | Reached XP level 10. HP: 90/90 MP: 9/9
  7844 | D:6      | Bought a warped war axe for 204 gold pieces
  7844 | D:6      | Identified the +3 war axe of Mastery {flame, rF+ rN+++
                  | Str-2 Dex-5} (You bought it in a shop on level 6 of the
                  | Dungeon)
  8124 | D:9      | Paralysed by a hornet for 3 turns
  8232 | D:9      | Noticed Erolcha
  8241 | D:9      | Killed Erolcha
  8242 | D:9      | Reached skill level 12 in Armour
  8319 | D:9      | Found a basalt altar of Yredelemnul.
  8409 | D:9      | Noticed a two-headed ogre
  8415 | D:9      | Killed a two-headed ogre
  8795 | D:9      | Found a white marble altar of Elyvilon.
  9022 | D:10     | Entered Level 10 of the Dungeon
  9704 | D:10     | Reached skill level 13 in Armour
  9720 | D:10     | Noticed a gargoyle
  9734 | D:10     | Killed a gargoyle
  9981 | D:10     | Reached XP level 11. HP: 56/99 MP: 10/10
  9987 | D:10     | Reached skill level 10 in Fighting
 10142 | D:10     | Noticed a two-headed ogre
 10152 | D:10     | Killed a two-headed ogre
 10186 | D:10     | Noticed a two-headed ogre
 10207 | D:10     | Killed a two-headed ogre
 10210 | D:10     | Noticed a tengu warrior
 10218 | D:10     | Noticed a boulder beetle
 10221 | D:10     | Killed a tengu warrior
 10230 | D:10     | Reached skill level 14 in Armour
 10556 | D:10     | Noticed a tengu warrior
 10570 | D:10     | Killed a tengu warrior
 10722 | D:10     | Killed a boulder beetle
 10964 | D:10     | Got Rulann's Atlas of Accelerants and Malevolent Rites
 11410 | D:11     | Found a staircase to the Orcish Mines.
 11594 | D:11     | Found a runed translucent door.
 11594 | D:11     | Found a shimmering altar of Xom.
 11594 | D:11     | Noticed Xuugerph's ghost (journeyman MfSu)
 11597 | D:11     | Noticed a +5 halberd of chaos
 11815 | D:11     | Noticed an obsidian statue
 11818 | D:11     | Noticed a sixfirhy
 12347 | D:12     | Reached skill level 15 in Axes
 12347 | D:12     | Reached skill level 15 in Armour
 12347 | D:12     | Reached XP level 12. HP: 110/110 MP: 11/11
 12852 | D:12     | Noticed a boulder beetle
 12863 | D:12     | Killed a boulder beetle
 12864 | D:12     | Reached XP level 13. HP: 97/117 MP: 12/12
 12964 | D:12     | Reached skill level 16 in Armour
 14108 | Orc:1    | Entered Level 1 of the Orcish Mines
 14361 | Orc:1    | Found a transporter.
 14367 | Orc:1    | Found a transporter.
 14368 | Orc:1    | Found a transporter.
 14373 | Orc:1    | Found a sparkling altar of Nemelex Xobeh.
 14373 | Orc:1    | Noticed a juggernaut
 14374 | Orc:1    | Found a transporter.
 14374 | Orc:1    | Found a transporter.
 14460 | Orc:1    | Found a transporter.
 14887 | Orc:2    | Entered Level 2 of the Orcish Mines
 15993 | Orc:2    | Found a staircase to the Elven Halls.
 16007 | Orc:2    | Reached skill level 17 in Armour
 16077 | Orc:2    | Demolished by an orc knight

Illustrated notes

Levels and vault maps discovered:
D:1:      dpeg_arrival_pond, layout_rooms, chequers_serial_rivers_small_3,
          minmay_pentomino_x4
D:2:      layout_rooms, uniq_natasha
D:3:      layout_rooms, nicolae_qazlal_style_of_elements,
          gammafunk_ghost_necromancy
D:4:      layout_loops_cross, mainiacjoe_overflow_chevrons, bloody_makhleb,
          gammafunk_ghost_split, minmay_misc_feat_tower,
          minmay_misc_feat_diagonals, uniq_pikel
D:5:      layout_loops_corners, mainiacjoe_overflow_catwalk,
          mainiacjoe_overflow_alcove_1, xom_confusion_cloud, st_stairs_14,
          uniq_ijyb
D:6:      layout_cave_pools, nicolae_overflow_crystal_walls, marbit_many_paths,
          serial_shops, nicolae_stop_n_shop_2, sigmund_army
D:7:      layout_cave_pools, minmay_temple_entry_butterflies, uniq_joseph,
          uniq_duvessa
D:8:      layout_basic, lair_entry_dummy
D:9:      layout_stronghold, nicolae_elyvilon_peaceful_grove,
          yredelemnul_forgotten_temple_becter, uniq_erolcha
D:10:     minmay_the_grid_3x2 [minmay_the_grid_outer_circle,
          minmay_the_grid_aliased_spiral, minmay_the_grid_diamond_grid,
          minmay_the_grid_pillar_ring, minmay_the_grid_broken_lines,
          minmay_the_grid_prize_trominoes], layout_cave_pods
D:11:     layout_roguey, david_orc_4, ebering_ghost_xom, minmay_protected_statue
D:12:     layout_irregular_city
Temple:   nicolae_temple_godzebo
Orc:1:    layout_diamond_mine, hellmonk_jugg_or_not
Orc:2:    st_orc_rangers, layout_caves

Skill      XL: |  1  2  3  4  5  6  7  8  9 10 11 12 13 |
---------------+----------------------------------------+-----
Armour         | 4 5 7 8 9 11 13 15 17 | 17.0
Axes           | 3 4 6 7 9 11 13 15 16 | 16.8
Fighting       | 4 5 6 7 8 9 11 12 | 12.5
Shields        | 6 |  6.3

Action                   |  1- 3 |  4- 6 |  7- 9 | 10-12 | 13-15 || total
-------------------------+-------+-------+-------+-------+-------++-------
Melee: War axe           |    68 |    61 |   267 |   256 |   209 ||   861
       Headbutt          |     8 |     4 |    42 |    60 |    49 ||   163
  Use: Potion            |       |     1 |     7 |     6 |     4 ||    18
       Scroll            |       |       |    12 |     7 |     4 ||    23
 Stab: Distracted        |       |       |       |     1 |       ||     1
Armor: Scale mail        |    73 |       |       |       |       ||    73
       Chain mail        |     3 |    35 |   199 |   130 |    99 ||   466
       Skin              |       |       |       |     6 |       ||     6
Dodge: Dodged            |    69 |    27 |   143 |    95 |    91 ||   425
Block: Buckler           |    20 |     7 |    60 |    56 |    68 ||   211

Table legend: (Time is in decaauts)
 A = Elapsed time spent in this place.
 B = Non-inter-level travel time spent in this place.
 C = Inter-level travel time spent in this place.
 D = Time resting spent in this place.
 E = Time spent auto-exploring this place.
 F = Levels seen in this place.
 G = Mean time per level.
                   A        B        C        D        E       F      G
               +--------+--------+--------+--------+--------+-----+--------+
         Total |  16075 |  15622 |    453 |   2426 |   9854 |  15 | 1071.7 |
       Dungeon |  14033 |  13581 |    452 |   2013 |   9120 |  12 | 1169.4 |
        Temple |    110 |    110 |      0 |      0 |     94 |   1 |  110.0 |
  Orcish Mines |   1931 |   1931 |      0 |    413 |    640 |   2 |  965.5 |
               +--------+--------+--------+--------+--------+-----+--------+

Top non-repeatable levels by time:
    D:10: 2221 daAuts
     D:5: 1878 daAuts
     D:7: 1764 daAuts
    D:12: 1532 daAuts
    D:11: 1286 daAuts
   Orc:2: 1161 daAuts
     D:9: 1134 daAuts
     D:6: 1124 daAuts
     D:4: 830 daAuts
   Orc:1: 769 daAuts
     D:8: 706 daAuts
     D:3: 550 daAuts
     D:1: 509 daAuts
     D:2: 493 daAuts
  Temple: 110 daAuts
